 Dungeon Crawl Stone Soup version 0.30.0-10-gfe55d96785 (webtiles) character file.

Game seed: 17221939105861039669

124 apoch the Chopper (level 4, -12/39 HPs)
             Began as a Minotaur Fighter on May 16, 2023.
             Killed by divine providence
             ... invoked by an orc priest
              (15 damage)
             ... on level 3 of the Dungeon.
             The game lasted 00:03:39 (1925 turns).

apoch the Chopper (Minotaur Fighter)                Turns: 1925, Time: 00:03:39

Health: -12/39     AC:  8    Str: 25    XL:     4   Next: 81%
Magic:  3/3        EV:  9    Int:  9    God:
Gold:   132        SH:  5    Dex: 17    Spells: 3/3 levels left

rFire   + + .        a - +0 war axe
rCold   . . .        c - +0 buckler
rNeg    . . .        b - +0 scale mail
rPois   +            (helmet restricted)
rElec   .            (no cloak)
rCorr   .            g - +0 pair of gloves
SInv    .            (no boots)
Will    .....        (no amulet) Stlth
                     n - ring of the Townfolk {Drain rPois rF+ Str+4 Int+4 Dex+6}
HPRegen 0.26/turn    m - ring of protection from fire
MPRegen 0.08/turn

%: no passive effects
@: no status effects
A: horns 2, retaliatory headbutt
a: no special abilities


You were on level 3 of the Dungeon.
You visited 1 branch of the dungeon, and saw 3 of its levels.

You collected 132 gold pieces.

Inventory:

Hand Weapons
 a - a +0 war axe (weapon)
Missiles
 j - 5 atropa-tipped darts
Armour
 b - a +0 scale mail (worn)
 c - a +0 buckler (worn)
 g - a +0 pair of gloves (worn)
Jewellery
 m - a ring of protection from fire (right hand)
 n - the ring of the Townfolk (left hand) {Drain rPois rF+ Str+4 Int+4 Dex+6}
   (You found it on level 3 of the Dungeon)

   [ring of dexterity]

   Str:       It affects your strength (+4).
   Int:       It affects your intelligence (+4).
   Dex:       It affects your dexterity (+6).
   rF:        It protects you from fire.
   rPois:     It protects you from poison.
   Drain:     It drains your maximum health when unequipped.
Wands
 k - a wand of paralysis (1)
Scrolls
 f - a scroll of identify
Potions
 d - a potion of might
 e - a potion of flight
 h - a potion of curing {unknown}
 i - a potion of haste


   Skills:
 - Level 3.6 Fighting
 + Level 6.2 Axes
 - Level 3.6 Armour
 - Level 3.6 Shields


You had 3 spell levels left.
You didn't know any spells.
Your spell library contained the following spells:

 Spells                   Type           Power      Damage    Failure   Level
 Summon Small Mammal      Summ           0%         N/A       75%         1
 Blink                    Tloc           0%         N/A       86%         2
 Lesser Beckoning         Tloc           0%         N/A       86%         2
 Momentum Strike          Conj/Tloc      0%         3d8       86%         2
 Call Canine Familiar     Summ           0%         N/A       98%         3
 Summon Guardian Golem    Hex/Summ       0%         N/A       98%         3


Dungeon Overview and Level Annotations

Branches:
Dungeon (3/15)

Altars:

Shops:
D:2 =?


Innate Abilities, Weirdness & Mutations

You have a pair of horns on your head.
You reflexively headbutt those who attack you in melee.


Message History

The orc priest mumbles some strange prayers to Beogh against you.
Beogh smites you!
You are too injured to fight recklessly!
You are too injured to fight recklessly!
You are too injured to fight recklessly!
You are too injured to fight recklessly!
You are too injured to fight recklessly!
You hit the orc.
The orc is severely wounded.
The orc hits you with a +0 club.
You slash the orc!
You kill the orc!
A worm comes into view.
The orc hits you with a +0 hand axe.
* * * LOW HITPOINT WARNING * * *
Things that are here:
a +0 club; an orc corpse Unknown command.
Okay, then.
You closely miss the orc. You headbutt the orc.
The orc is lightly wounded.
You slash the orc priest! The orc priest hits you with a +0 whip.
* * * LOW HITPOINT WARNING * * *
You barely miss the orc priest. x2; You closely miss the orc.
The orc priest calls upon Beogh to heal the orc.
The orc's wounds heal themselves!
The orc hits you with a +0 hand axe.
* * * LOW HITPOINT WARNING * * *
The orc priest calls upon Beogh to heal the orc priest.
The orc priest is healed somewhat.
You hit the orc priest. Your headbutt misses the orc priest.
The orc priest is moderately wounded.
You hit the orc priest but do no damage.
You slash the orc!
You kill the orc!
The orc priest barely misses you.
The orc priest calls upon Beogh to heal the orc priest.
The orc priest's wounds heal themselves!
The orc priest mumbles some strange prayers to Beogh against you.
Beogh smites you!
You die...

#.#..... .#....#+## .
..w..... ....# ..
....#.# #.#.# ..
##.##...#.## #.#.##.###
.......r...# #.#.......
#.....oo#..# #...##.##.
......)@#..####...##.##.
..................##.##.
........#..###..#.##.##.
#....................##.
#.......#..###..#.##.##.
........................
##.#....#...##..........
..#....#...##..........
......#........###.###


You could see a worm, 2 orc priests and a rat.

Vanquished Creatures
  An iguana (D:2)
  Ijyb (D:2)
  2 adders (D:2)
  A worm (D:2)
  A dart slug (D:2)
  2 orcs (D:3)
  3 ball pythons
  4 endoplasms (D:2)
  3 giant cockroaches
  3 hobgoblins
  4 jackals (D:2)
  6 kobolds
  2 quokkas (D:2)
  3 bats
  3 frilled lizards
  5 goblins
  5 rats
49 creatures vanquished.

Notes
Turn   | Place    | Note
-------+----------+-------------------------------------------
     0 | D:1      | apoch the Minotaur Fighter began the quest for the Orb.
     0 | D:1      | Reached XP level 1. HP: 19/19 MP: 0/0
   137 | D:1      | Reached skill level 3 in Axes
   480 | D:1      | Reached XP level 2. HP: 26/26 MP: 1/1
  1231 | D:2      | Reached skill level 4 in Axes
  1246 | D:2      | Reached skill level 5 in Axes
  1246 | D:2      | Reached XP level 3. HP: 31/31 MP: 2/2
  1321 | D:2      | Reached XP level 4. HP: 37/39 MP: 3/3
  1403 | D:2      | Found Tuulestra's Jewellery Shop.
  1608 | D:2      | Found Ibarit's Magic Scroll Boutique.
  1757 | D:3      | Noticed Ijyb
  1765 | D:3      | Paralysed by something for 4 turns
  1771 | D:3      | Paralysed by something for 2 turns
  1775 | D:3      | Paralysed by something for 5 turns
  1790 | D:2      | Killed Ijyb
  1791 | D:2      | Reached skill level 6 in Axes
  1910 | D:3      | Identified the ring of the Townfolk {Drain rPois rF+ Str+4
                  | Int+4 Dex+6}
  1925 | D:3      | Killed from afar by an orc priest

Illustrated notes

Levels and vault maps discovered:
D:1:      roderic_dead_forest, layout_loops_ring,
          chequers_serial_rivers_micro_a, minmay_indecisive_spiral
D:2:      layout_basic, serial_shops, shop, shop_fountains
D:3:      layout_basic, mainiacjoe_overflow_catch_the_wave, saegor_snake_ambush,
          uniq_sigmund, uniq_ijyb

Skill      XL: |  1  2  3  4 |
---------------+-------------+-----
Axes           | 3 5 6 |  6.2
Fighting       | |  3.6
Armour         | |  3.6
Shields        | |  3.6

Action                     |  1- 3 |  4- 6 || total
---------------------------+-------+-------++-------
  Melee: War axe           |    49 |    58 ||   107
         Headbutt          |     3 |     6 ||     9
  Throw: Stone             |    30 |    13 ||    43
    Use: Scroll            |     5 |     2 ||     7
 Armour: Scale mail        |    21 |    27 ||    48
  Dodge: Dodged            |    23 |    15 ||    38
  Block: Buckler           |     8 |     3 ||    11
